 Dungeon Crawl Stone Soup version 0.29-a0-355-g7276a9ff7f (webtiles) character file.

Game seed: 1662690575379098441

88 Andrus the Vexing (level 4, -6/21 HPs)
             Began as a Spriggan Enchanter on Apr 25, 2022.
             Shot with a bolt by a kobold brigand (7 damage)
             ... in a sewer.
             The game lasted 00:08:26 (2571 turns).

Andrus the Vexing (Spriggan Enchanter)              Turns: 2571, Time: 00:08:26

Health: -6/21      AC:  3    Str:  6    XL:     4   Next: 29%
Magic:  11/11      EV: 17    Int: 16    God:
Gold:   71         SH:  0    Dex: 15    Spells: 0/11 levels left

rFire   . . .      SeeInvis +   f - +1 dagger (venom)
rCold   . . .      Faith    .   (no shield)
rNeg    . . .      Spirit   .   b - +1 robe
rPois   .          Reflect  .   (helmet restricted)
rElec   .          Harm     .   (no cloak)
rCorr   .          Rampage  .   (gloves unavailable)
Will    +....                   (boots unavailable)
Stlth   +++.......              (no amulet)
HPRegen 0.07/turn               k - ring of willpower
MPRegen 0.12/turn               (no ring)

@: very quick
A: very small, no large weapons, unfitting armour, see invisible, speed 3
a: no special abilities


You were in a sewer.
You visited 1 branch of the dungeon, and saw 3 of its levels.
You also visited: Sewer.

You collected 71 gold pieces.

Inventory:

Hand Weapons
 a - a +1 dagger
 f - a +1 dagger of venom (weapon)
Armour
 b - a +1 robe (worn)
Jewellery
 k - a ring of willpower (left hand)
Scrolls
 e - a scroll of teleportation
 j - 2 scrolls of fear
Potions
 c - a potion of invisibility
 d - a potion of brilliance
 g - 3 potions of lignification
 h - a potion of flight


   Skills:
 - Level 1.1 Short Blades
 - Level 2.6 Dodging
 - Level 4.4 Stealth
 + Level 4.4 Spellcasting
 + Level 5.1 Hexes


You couldn't memorise any spells.
You knew the following spells:

 Your Spells              Type           Power      Damage    Failure   Level
a - Ensorcelled Hibernat  Hex/Ice        22%        N/A       9%          2
b - Tukima's Dance        Hex            19%        N/A       6%          3
c - Dazzling Flash        Conj/Hex       22%        N/A       17%         3
d - Confusing Touch       Hex            19%        N/A       6%          3

Your spell library contained the following spells:

 Spells                   Type           Power      Damage    Failure   Level
 Ozocubu's Armour         Ice            3%         N/A       43%         3
 Metabolic Englaciation   Hex/Ice        5%         N/A       83%         5
 Simulacrum               Ice/Necr       1%         N/A       100%        6


Dungeon Overview and Level Annotations

Branches:
Dungeon (3/15)              Sewer (1/1)

Altars:


Innate Abilities, Weirdness & Mutations

You are very small and have problems with some larger weapons.
You are too small for most types of armour.
You have supernaturally acute eyesight. (SInv)
You cover ground extremely quickly. (Speed+++)


Message History

The giant cockroach is almost dead.
You kill the giant cockroach!
No target in view!
No target in view!
No target in view!
No target in view!
You see here a quokka corpse.
There is a glowing drain here.
The world spins around you as you enter the gateway.
You enter a sewer!
Found a gate leading back out of this place.
There is an empty arch of ancient stone here.
Unknown command.
HP restored.
You enter the shallow water.
Moving in this stuff is going to be slow.
You enter the shallow water.
Moving in this stuff is going to be slow.
You enter the shallow water.
Moving in this stuff is going to be slow.
You enter the shallow water.
Moving in this stuff is going to be slow.
You enter the shallow water.
Moving in this stuff is going to be slow.
A kobold brigand comes into view. It is wielding a +0 club.
Found a scroll of enchant armour.
The kobold brigand shouts!
The kobold brigand unwields a +0 club.
The kobold brigand wields a +0 hand crossbow.
The kobold brigand shoots a bolt.
The bolt closely misses you.
A kobold brigand is nearby!
A kobold brigand is nearby!
A kobold brigand is nearby!
The kobold brigand shoots a bolt.
The bolt hits you.
The kobold brigand shoots a bolt.
The bolt hits you.
The kobold brigand shoots a bolt.
The bolt completely misses you.
The kobold brigand shoots a bolt.
The bolt hits you!
* * * LOW HITPOINT WARNING * * *
The kobold brigand shoots a bolt.
The bolt hits you!
You die...

#####
#K#?#
#≈#≈#
#≈#≈#
#≈#≈#
#@≈.#
##≈##
≈# #≈#
≈#
#≈###≈#
#≈≈≈≈≈#
##.≈≈##
#≈≈.#
#≈≈≈#
#.≈.##
#≈


You could see a kobold brigand.

Vanquished Creatures
  2 adders (D:2)
  An ufetubus (D:3)
  A dart slug (D:1)
  2 orcs (D:3)
  2 endoplasms (D:2)
  6 giant cockroaches
  2 hobgoblins
  4 jackals (D:2)
  7 kobolds
  5 quokkas
  5 ball pythons
  5 bats
  5 frilled lizards
  6 goblins
  5 rats
58 creatures vanquished.

Notes
Turn   | Place    | Note
-------+----------+-------------------------------------------
     0 | D:1      | Andrus the Spriggan Enchanter began the quest for the Orb.
     0 | D:1      | Reached XP level 1. HP: 9/9 MP: 5/5
   375 | D:2      | Found a faded altar of an unknown god.
   537 | D:1      | Reached skill level 4 in Hexes
   539 | D:1      | Reached XP level 2. HP: 11/13 MP: 7/7
   542 | D:1      | Learned a level 2 spell: Ensorcelled Hibernation
  1128 | D:2      | Reached XP level 3. HP: 14/16 MP: 9/9
  2172 | D:3      | Noticed a phantom
  2324 | D:3      | Reached XP level 4. HP: 19/21 MP: 11/11
  2329 | D:3      | Learned a level 3 spell: Tukima's Dance
  2333 | D:3      | Learned a level 3 spell: Confusing Touch
  2337 | D:3      | Learned a level 3 spell: Dazzling Flash
  2376 | D:3      | Reached skill level 5 in Hexes
  2481 | D:3      | Found a glowing drain.
  2503 | Sewer    | Entered a sewer
  2567 | Sewer    | Noticed a kobold brigand
  2571 | Sewer    | HP: 1/21 [kobold brigand/bolt (8)]
  2571 | Sewer    | Shot with a bolt by a kobold brigand

Illustrated notes

Levels and vault maps discovered:
D:1:      mrwooster_arrival_statue_3, layout_basic
D:2:      layout_loops_ring, nicolae_ecumenical_pavilion
D:3:      layout_basic, mainiacjoe_overflow_concentric_impassable,
          mainiacjoe_overflow_boulevard, gup_sewer_entry_pipe
Sewer:    sewer_co_tree

Skill      XL: |  1  2  3  4 |
---------------+-------------+-----
Spellcasting   | 3 4 |  4.4
Hexes          | 4 5 |  5.1
Short Blades   | |  1.1
Dodging        | |  2.6
Stealth        | |  4.4

Action                   |  1- 3 |  4- 6 || total
-------------------------+-------+-------++-------
Melee: Dagger            |   112 |    32 ||   144
 Cast: Ensorcelled Hiber |     1 |       ||     1
  Use: Scroll            |     8 |     1 ||     9
       Potion            |     1 |     3 ||     4
 Stab: Sleeping          |    12 |     4 ||    16
       Distracted        |     2 |       ||     2
       Invisible         |       |     2 ||     2
Armor: Robe              |    17 |    15 ||    32
Dodge: Dodged            |    98 |    55 ||   153

Table legend: (Time is in decaauts)
 A = Elapsed time spent in this place.
 B = Non-inter-level travel time spent in this place.
 C = Inter-level travel time spent in this place.
 D = Time resting spent in this place.
 E = Time spent auto-exploring this place.
 F = Levels seen in this place.
 G = Mean time per level.
                   A        B        C        D        E       F      G
               +--------+--------+--------+--------+--------+-----+--------+
         Total |   2046 |   2014 |     32 |    170 |   1318 |   4 |  511.5 |
       Dungeon |   1981 |   1949 |     32 |    170 |   1258 |   3 |  660.3 |
         Sewer |     65 |     65 |      0 |      0 |     60 |   1 |   65.0 |
               +--------+--------+--------+--------+--------+-----+--------+

Top non-repeatable levels by time:
     D:2: 1136 daAuts
     D:1: 583 daAuts
     D:3: 261 daAuts
   Sewer: 65 daAuts
